AoeStats
← KimiJay

Arabia

509893754Analyzed
1v1 RM · 5d ago on Sep 28, 2026· 34m 29s· 2 players
Game mode
Random Map
Map size
Tiny (2 player)
Population
200
Speed
Normal
Resources
Standard
Victory
Conquest
Starting age
Dark Age
Ending age
Imperial Age
RankedLock teamsTeams togetherTeam positionsShared explorationLock speedFull tech treeHidden civsTurbo modeCheats
Victory
Defeat
🇨🇦 Aztecs · Canada
1024
+16
🇨🇿 Vikings · Czechia
1030
-16
Nix
8:24 Loom
10:46 Feudal Age
15:05 Castle Age
24:44 Eagle Warrior
27:16 Redemption
31:48 Sanctity
KimiJay
10:07 Feudal Age
9:10 Loom
11:12 Double-Bit Axe
15:08 Man-at-Arms
20:28 Castle Age
19:34 Arson
19:42 Horse Collar
20:46 Scale Mail Armor
22:26 Chain Mail Armor
23:01 Crossbowman
23:29 Long Swordsman
25:17 Town Watch
26:43 Padded Archer Armor
26:34 Fletching
34:17 Imperial Age
36:22 Imperial Age
Connection lost

Rejoining the realm…

Still unreachable

The connection could not be restored.

Session expired

The server has moved on; the page needs a fresh start.